 Dungeon Crawl Stone Soup version 0.24.0-10-g970556be89 (webtiles) character file.

Game seed: 2859797298341517728, levelgen mode: deterministic

164 FortyThree the Covered (level 5, -1/37 HPs)
             Began as a Gnoll Wanderer on Nov 3, 2019.
             Was an Initiate of Okawaru.
             Slain by an orc
             ... wielding a +0 trident
              (8 damage)
             ... on level 3 of the Dungeon.
             The game lasted 00:08:23 (3166 turns).

FortyThree the Covered (Gnoll Wanderer)             Turns: 3166, Time: 00:08:24

Health: -1/37      AC: 11    Str: 16    XL:     5   Next: 45%
Magic:  12/12      EV: 10    Int: 17    God:    Okawaru [......]
Gold:   90         SH:  0    Dex: 11    Spells: 13/14 levels left

rFire    . . .     SeeInvis .   l - +2 whip (elec)
rCold    . . .     Gourm    .   (no shield)
rNeg     + . .     Faith    .   d - +2 scale mail
rPois    .         Spirit   .   (no helmet)
rElec    .         Reflect  .   (no cloak)
rCorr    .         Harm     .   (no gloves)
MR       .....                  g - +0 pair of boots
Stlth    +.........             (no amulet)
HPRegen  0.12/turn              p - ring of positive energy
MPRegen  0.13/turn              (no ring)

@: no status effects
A: distributed training, fangs 1, strong nose
a: Renounce Religion


You were on level 3 of the Dungeon.
You worshipped Okawaru.
Okawaru was noncommittal.
You were hungry.

You visited 1 branch of the dungeon, and saw 3 of its levels.

You collected 90 gold pieces.

Inventory:

Hand Weapons
 a - a +0 club
 j - a +0 spear
 l - a +2 whip of electrocution (weapon)
Missiles
 m - 8 poisoned darts (quivered)
Armour
 d - a +2 scale mail (worn)
 g - a +0 pair of boots (worn)
Jewellery
 p - a ring of positive energy (left hand)
Scrolls
 b - 3 scrolls of identify
 e - a scroll of remove curse
 h - 2 scrolls of amnesia
Potions
 i - a potion of heal wounds
 k - a potion of brilliance {unknown}
 n - a potion of might {unknown}
 o - a potion of cancellation {unknown}
Comestibles
 f - 8 rations


   Skills:
 + Level 1.4 Fighting
 + Level 1.4 Short Blades
 + Level 1.4 Long Blades
 + Level 1.4 Axes
 + Level 1.4 Maces & Flails
 + Level 1.4 Polearms
 + Level 1.4 Staves
 + Level 1.4 Slings
 + Level 1.4 Bows
 + Level 1.4 Crossbows
 + Level 3.0 Throwing
 + Level 6.7 Armour
 + Level 1.4 Dodging
 + Level 2.7 Stealth
 + Level 1.4 Shields
 + Level 1.4 Unarmed Combat
 + Level 5.2 Spellcasting
 + Level 5.5 Conjurations
 + Level 1.1 Hexes
 + Level 1.1 Charms
 + Level 1.1 Summonings
 + Level 1.1 Necromancy
 + Level 1.1 Translocations
 + Level 1.1 Transmutations
 + Level 1.1 Fire Magic
 + Level 1.1 Ice Magic
 + Level 1.1 Air Magic
 + Level 1.1 Earth Magic
 + Level 1.1 Poison Magic
 + Level 1.6 Invocations
 + Level 1.4 Evocations


You had 13 spell levels left.
You knew the following spells:

 Your Spells              Type           Power        Failure   Level  Hunger
a - Animate Skeleton      Necr           N/A          28%         1    None

Your spell library contained the following spells:

 Spells                   Type           Power        Failure   Level  Hunger
 Vampiric Draining        Necr           #.........   63%         3    ###....


Dungeon Overview and Level Annotations

Branches:
Dungeon (3/15)

Altars:
Okawaru


Innate Abilities, Weirdness & Mutations

Your experience applies equally to all skills.
You have very sharp teeth.
Your uncanny sense of smell can sniff out nearby items.


Message History

The bat hits you but does no damage. The orc barely misses you.
You hit the orc but do no damage. You bite the orc, but do no damage.
You are feeling hungry.
The bat closely misses you. The orc hits you but does no damage.
You barely miss the orc. The bat barely misses you. The orc misses you.
You barely miss the orc. The bat hits you but does no damage.
The orc hits you with a +0 trident!
You closely miss the orc. The orc hits you with a +0 trident.
You barely miss the orc. The bat barely misses you.
You hit the orc. You bite the orc, but do no damage.
The orc is moderately wounded.
The orc hits you with a +0 trident. The bat hits you but does no damage.
You hit the orc but do no damage.
The orc is moderately wounded.
The bat hits you but does no damage. The orc hits you with a +0 trident!
* * * LOW HITPOINT WARNING * * *
You hit the orc but do no damage.
The orc is moderately wounded.
The orc hits you with a +0 trident!
You die...

####.######## #.#((##...
#........###'####....
#..#####.#.≈.≈##..... #...#
##≈.≈.#.##.# #...#
#.≈)≈##..... ##..#
##≈.≈.#####. #..)##
#.≈.≈##..... #..#.#
##≈.≈.##...† ########†.#@#
##_####..#. #.........bo#
###..#....
#.###.......######+#...###).
#.####..........)..#.... .%.
#..........####.#.# .....
#...........#...#.. ..>...
#...........#.##### ......
#...........#...... ......
#..........########


You could see an orc and a bat.

Vanquished Creatures
  An orc wizard (D:3)
  3 gnolls (D:3)
  4 adders
  2 dart slugs (D:1)
  4 leopard geckos
  3 orcs (D:3)
  2 giant cockroaches
  7 goblins
  10 hobgoblins
  2 jackals (D:1)
  A quokka (D:3)
  8 bats
  3 frilled lizards
  9 kobolds
  5 rats
64 creatures vanquished.

Notes
Turn   | Place    | Note
-------+----------+-------------------------------------------
     0 | D:1      | FortyThree the Gnoll Wanderer began the quest for the Orb.
     0 | D:1      | FortyThree set off with the following items: a +0 club, a
                  | potion of curing, a +2 scale mail, a ration; and the
                  | following spell memorised: Animate Skeleton; and the
                  | following spells available to memorise: Vampiric Draining
     0 | D:1      | Reached XP level 1. HP: 13/13 MP: 6/6
   329 | D:1      | Reached XP level 2. HP: 12/19 MP: 7/7
  1213 | D:1      | Reached XP level 3. HP: 22/25 MP: 9/9
  1320 | D:1      | Reached skill level 5 in Spellcasting
  1963 | D:2      | Reached skill level 1 in Invocations
  2110 | D:2      | Reached skill level 1 in Fighting
  2110 | D:2      | Reached skill level 1 in Short Blades
  2110 | D:2      | Reached skill level 1 in Long Blades
  2110 | D:2      | Reached skill level 1 in Axes
  2110 | D:2      | Reached skill level 1 in Maces & Flails
  2110 | D:2      | Reached skill level 1 in Polearms
  2110 | D:2      | Reached skill level 1 in Staves
  2110 | D:2      | Reached skill level 1 in Slings
  2110 | D:2      | Reached skill level 1 in Bows
  2110 | D:2      | Reached skill level 1 in Crossbows
  2110 | D:2      | Reached skill level 1 in Dodging
  2110 | D:2      | Reached skill level 1 in Shields
  2110 | D:2      | Reached skill level 1 in Unarmed Combat
  2110 | D:2      | Reached skill level 1 in Evocations
  2266 | D:2      | Reached XP level 4. HP: 30/32 MP: 11/11
  2556 | D:3      | Reached skill level 1 in Hexes
  2556 | D:3      | Reached skill level 1 in Charms
  2556 | D:3      | Reached skill level 1 in Summonings
  2556 | D:3      | Reached skill level 1 in Necromancy
  2556 | D:3      | Reached skill level 1 in Translocations
  2556 | D:3      | Reached skill level 1 in Transmutations
  2556 | D:3      | Reached skill level 1 in Fire Magic
  2556 | D:3      | Reached skill level 1 in Ice Magic
  2556 | D:3      | Reached skill level 1 in Air Magic
  2556 | D:3      | Reached skill level 1 in Earth Magic
  2556 | D:3      | Reached skill level 1 in Poison Magic
  2813 | D:3      | Reached XP level 5. HP: 25/37 MP: 12/12
  2979 | D:3      | Found an iron altar of Okawaru.
  2987 | D:3      | Became a worshipper of Warmaster Okawaru
  3166 | D:3      | Slain by an orc

Levels and vault maps discovered:
D:1:      lightli_arrival_maybe_door_vault, layout_basic
D:2:      layout_loops_ring, first_ration
D:3:      layout_basic, regret_index_temple_of_mockery,
          okawaru_altar_gauntlet_db, uniq_robin

Skill      XL: |  1  2  3  4  5 |
---------------+----------------+-----
Spellcasting   | 5 |  5.2
Invocations    | 1 |  1.6
Fighting       | 1 |  1.4
Short Blades   | 1 |  1.4
Long Blades    | 1 |  1.4
Axes           | 1 |  1.4
Maces & Flails | 1 |  1.4
Polearms       | 1 |  1.4
Staves         | 1 |  1.4
Slings         | 1 |  1.4
Bows           | 1 |  1.4
Crossbows      | 1 |  1.4
Dodging        | 1 |  1.4
Shields        | 1 |  1.4
Unarmed Combat | 1 |  1.4
Evocations     | 1 |  1.4
Hexes          | 1 |  1.1
Charms         | 1 |  1.1
Summonings     | 1 |  1.1
Necromancy     | 1 |  1.1
Translocations | 1 |  1.1
Transmutations | 1 |  1.1
Fire Magic     | 1 |  1.1
Ice Magic      | 1 |  1.1
Air Magic      | 1 |  1.1
Earth Magic    | 1 |  1.1
Poison Magic   | 1 |  1.1
Throwing       | 3 |  3.0
Armour         | |  6.7
Stealth        | |  2.7
Conjurations   | |  5.5

Action                   |  1- 3 |  4- 6 || total
-------------------------+-------+-------++-------
Melee: Club              |    47 |       ||    47
       Bite              |    14 |    10 ||    24
       Spear             |   101 |       ||   101
       Whip              |    35 |   104 ||   139
 Cast: Animate Skeleton  |     1 |       ||     1
  Use: Scroll            |       |     6 ||     6
       Potion            |       |     2 ||     2
  Eat: Chunk             |     4 |     3 ||     7
Armor: Scale mail        |    96 |    83 ||   179
Dodge: Dodged            |   126 |   111 ||   237
